TOP OF THE 1ST |
Royse City Targaryens batting - Pitching for Athletic Club KC Reserves : RHP Jorge Cintrón
|
Pitching: RHP Jorge Cintrón
|
|
Batting: LHB Takahiro Suzuki
|
0-0: Ball 1-0: Ball 2-0: Called Strike 2-1: Ball 3-1: Ground out 6-3 (Groundball, 6)
|
Batting: RHB Víctor Cuevas
|
0-0: Called Strike 0-1: Called Strike 0-2: Ball 1-2: Foul Ball, location: 2F 1-2: Ball 2-2: Strikes out swinging
|
Batting: RHB Melvin Thomas
|
0-0: Called Strike 0-1: Foul Ball, location: 2F 0-2: Hit by Pitch
|
Batting: LHB Joe Karnowski
|
0-0: Ball 1-0: Foul Ball, location: 2F 1-1: Ball 2-1: Ball 3-1: Base on Balls Melvin Thomas to second
|
Batting: SHB Miguel Herrera
|
0-0: Ball 1-0: Ball 2-0: Foul Ball, location: 2F 2-1: Ball 3-1: Swinging Strike 3-2: Strikes out swinging
|
Top of the 1st over - 0 runs, 0 hits, 0 errors, 2 left on base; Royse City 0 - Athletic Club KC 0 |
BOTTOM OF THE 1ST |
Athletic Club KC Reserves batting - Pitching for Royse City Targaryens : LHP Fred Proctor
|
Pitching: LHP Fred Proctor
|
|
Batting: RHB Armando Altagracia
|
0-0: Foul Ball, location: 2F 0-1: Ball 1-1: Foul Ball, location: 2F 1-2: Foul Ball, location: 2F 1-2: Ground out 4-3 (Groundball, 4)
|
Batting: RHB Tasuku Goto
|
0-0: Ball 1-0: Ball 2-0: Foul Ball, location: 2F 2-1: Fly out, F7 (Flyball, 7LS)
|
Batting: RHB Pedro Solís
|
0-0: DOUBLE (Groundball, 5L)
|
Batting: LHB Tsai Ng
|
0-0: Foul Ball, location: 2F 0-1: Fly out, F7 (Flyball, 7LS)
|
Bottom of the 1st over - 0 runs, 1 hit, 0 errors, 1 left on base; Royse City 0 - Athletic Club KC 0 |
TOP OF THE 2ND |
Royse City Targaryens batting - Pitching for Athletic Club KC Reserves : RHP Jorge Cintrón
|
Batting: RHB David Elías
|
0-0: Called Strike 0-1: Ball 1-1: Fly out, F6 (Flyball, 6D)
|
Batting: RHB José García
|
0-0: Called Strike 0-1: Ball 1-1: Ground out 6-3 (Groundball, 6)
|
Batting: SHB Vernon T. Waldrip
|
0-0: Called Strike 0-1: Ground out 4-3 (Groundball, 4)
|
Top of the 2nd over - 0 runs, 0 hits, 0 errors, 0 left on base; Royse City 0 - Athletic Club KC 0 |
BOTTOM OF THE 2ND |
Athletic Club KC Reserves batting - Pitching for Royse City Targaryens : LHP Fred Proctor
|
Batting: RHB Troy Whitehurst
|
0-0: Foul Ball, location: 2F 0-1: Foul Ball, location: 2F 0-2: Fly out, F8 (Flyball, 78M)
|
Batting: LHB Kwang-chih Feng
|
0-0: Ball 1-0: Ball 2-0: Called Strike 2-1: Ball 3-1: Fly out, F9 (Flyball, 9)
|
Batting: LHB Luis Miguel González
|
0-0: Ball 1-0: Ball 2-0: Ball 3-0: Called Strike 3-1: Fly out, F8 (Flyball, 8RXD)
|
Bottom of the 2nd over - 0 runs, 0 hits, 0 errors, 0 left on base; Royse City 0 - Athletic Club KC 0 |
TOP OF THE 3RD |
Royse City Targaryens batting - Pitching for Athletic Club KC Reserves : RHP Jorge Cintrón
|
Batting: RHB Breanainn Swartwood
|
0-0: Called Strike 0-1: Foul Ball, location: 2F 0-2: Ball 1-2: Ball 2-2: Fly out, F8 (Line Drive, 89D)
|
Batting: LHB Takahiro Suzuki
|
0-0: Fly out, F6 (Line Drive, 6M)
|
Batting: RHB Víctor Cuevas
|
0-0: Ball 1-0: Swinging Strike 1-1: Ball 2-1: Called Strike 2-2: Ground out 4-3 (Groundball, 4)
|
Top of the 3rd over - 0 runs, 0 hits, 0 errors, 0 left on base; Royse City 0 - Athletic Club KC 0 |
BOTTOM OF THE 3RD |
Athletic Club KC Reserves batting - Pitching for Royse City Targaryens : LHP Fred Proctor
|
Batting: SHB Carlos Rodríguez
|
0-0: Ball 1-0: Called Strike 1-1: Fly out, F9 (Flyball, 9)
|
Batting: LHB Manuel Domínguez
|
0-0: Called Strike 0-1: Called Strike 0-2: Foul Ball, location: 2F 0-2: Foul Ball, location: 2F 0-2: Strikes out looking
|
Batting: RHB Armando Altagracia
|
0-0: Ball 1-0: Foul Ball, location: 2F 1-1: Called Strike 1-2: Fly out, F7 (Line Drive, 7)
|
Bottom of the 3rd over - 0 runs, 0 hits, 0 errors, 0 left on base; Royse City 0 - Athletic Club KC 0 |
TOP OF THE 4TH |
Royse City Targaryens batting - Pitching for Athletic Club KC Reserves : RHP Jorge Cintrón
|
Batting: RHB Melvin Thomas
|
0-0: Ball 1-0: Ball 2-0: Foul Ball, location: 2F 2-1: Called Strike 2-2: Strikes out looking
|
Batting: LHB Joe Karnowski
|
0-0: Foul Ball, location: 2F 0-1: Ball 1-1: Foul Ball, location: 2F 1-2: Foul Ball, location: 2F 1-2: Ball 2-2: SINGLE (Groundball, 34D)
|
Batting: SHB Miguel Herrera
|
0-0: Foul Ball, location: 2F 0-1: Ball 1-1: Ball Wild Pitch! Joe Karnowski to second 2-1: SINGLE (Groundball, 3D) Joe Karnowski to third
|
Batting: RHB David Elías
|
0-0: Called Strike 0-1: Ball 1-1: Swinging Strike 1-2: Ball 2-2: Ball 3-2: Strikes out swinging
|
Batting: RHB José García
|
0-0: Fly out, F2 (Popup, 2RF)
|
Top of the 4th over - 0 runs, 2 hits, 0 errors, 2 left on base; Royse City 0 - Athletic Club KC 0 |
BOTTOM OF THE 4TH |
Athletic Club KC Reserves batting - Pitching for Royse City Targaryens : LHP Fred Proctor
|
Batting: RHB Tasuku Goto
|
0-0: SINGLE (Groundball, 6D)
|
Batting: RHB Pedro Solís
|
0-0: Ball Tasuku Goto steals 2nd base 1-0: Foul Ball, location: 2F 1-1: Ball 2-1: Ground out 6-3 (Groundball, 6)
|
Batting: LHB Tsai Ng
|
0-0: Ball 1-0: Ball 2-0: Called Strike 2-1: Foul Ball, location: 2F 2-2: Ball 3-2: Base on Balls
|
Batting: RHB Troy Whitehurst
|
0-0: Ball Tasuku Goto steals 3rd base Tsai Ng to second 1-0: Ball 2-0: Ground out 1-3 (Groundball, 13S)
|
Batting: LHB Kwang-chih Feng
|
0-0: Foul Ball, location: 2F 0-1: Ball 1-1: Ground out 4-3 (Groundball, 4M)
|
Bottom of the 4th over - 0 runs, 1 hit, 0 errors, 2 left on base; Royse City 0 - Athletic Club KC 0 |
TOP OF THE 5TH |
Royse City Targaryens batting - Pitching for Athletic Club KC Reserves : RHP Jorge Cintrón
|
Batting: SHB Vernon T. Waldrip
|
0-0: Ball 1-0: Ball 2-0: Ball 3-0: Base on Balls
|
Batting: RHB Breanainn Swartwood
|
0-0: Ball 1-0: Called Strike 1-1: Sac Bunt - play at first, batter OUT! 1-4 Vernon T. Waldrip to second
|
Batting: LHB Takahiro Suzuki
|
0-0: Ball 1-0: Called Strike 1-1: Ground out 4-3 (Groundball, 4) Vernon T. Waldrip to third
|
Batting: RHB Víctor Cuevas
|
0-0: Called Strike 0-1: Ball 1-1: Foul Ball, location: 2F 1-2: Foul Ball, location: 2F 1-2: Ball 2-2: Ground out 6-3 (Groundball, 56)
|
Top of the 5th over - 0 runs, 0 hits, 0 errors, 1 left on base; Royse City 0 - Athletic Club KC 0 |
BOTTOM OF THE 5TH |
Athletic Club KC Reserves batting - Pitching for Royse City Targaryens : LHP Fred Proctor
|
Batting: LHB Luis Miguel González
|
0-0: Ground out U3 (Groundball, 3L)
|
Batting: SHB Carlos Rodríguez
|
0-0: Ground out 5-3 (Groundball, 5L)
|
Batting: LHB Manuel Domínguez
|
0-0: Ground out 6-3 (Groundball, 6)
|
Bottom of the 5th over - 0 runs, 0 hits, 0 errors, 0 left on base; Royse City 0 - Athletic Club KC 0 |
TOP OF THE 6TH |
Royse City Targaryens batting - Pitching for Athletic Club KC Reserves : RHP Jorge Cintrón
|
Batting: RHB Melvin Thomas
|
0-0: Ball 1-0: Called Strike 1-1: Called Strike 1-2: Ball 2-2: Ball 3-2: Strikes out looking
|
Batting: LHB Joe Karnowski
|
0-0: Called Strike 0-1: Foul Ball, location: 2F 0-2: Ball 1-2: Strikes out swinging
|
Batting: SHB Miguel Herrera
|
0-0: Called Strike 0-1: Ball 1-1: Foul Ball, location: 2F 1-2: Foul Ball, location: 2F 1-2: SINGLE (Groundball, 56D)
|
Pitching: LHP Sung-hwan Ho
|
|
Batting: RHB David Elías
|
0-0: Ball 1-0: Ball 2-0: SINGLE (Flyball, 8LM) Miguel Herrera to second Runner from 2nd tries for 3rd, SAFE, throw made to third
|
Batting: RHB José García
|
0-0: Ball 1-0: Ball 2-0: Called Strike 2-1: Fielders Choice at 2nd, 6-4 (Groundball, 6)
|
Top of the 6th over - 0 runs, 2 hits, 0 errors, 2 left on base; Royse City 0 - Athletic Club KC 0 |
BOTTOM OF THE 6TH |
Athletic Club KC Reserves batting - Pitching for Royse City Targaryens : LHP Fred Proctor
|
Batting: RHB Armando Altagracia
|
0-0: Called Strike 0-1: Ball 1-1: Ground out 6-3 (Groundball, 6)
|
Batting: RHB Tasuku Goto
|
0-0: Ball 1-0: Foul Ball, location: 2F 1-1: Ground out 6-3 (Groundball, 6)
|
Batting: RHB Pedro Solís
|
0-0: Ball 1-0: Ball 2-0: Called Strike 2-1: Fly out, F6 (Line Drive, 6)
|
Bottom of the 6th over - 0 runs, 0 hits, 0 errors, 0 left on base; Royse City 0 - Athletic Club KC 0 |
TOP OF THE 7TH |
Royse City Targaryens batting - Pitching for Athletic Club KC Reserves : LHP Sung-hwan Ho
|
Batting: SHB Vernon T. Waldrip
|
0-0: Ball 1-0: Fly out, F9 (Flyball, 9S)
|
Batting: RHB Breanainn Swartwood
|
0-0: Swinging Strike 0-1: Swinging Strike 0-2: Ball 1-2: Ball 2-2: Ball 3-2: SINGLE (Line Drive, 6D)
|
Pinch Hitting: RHB Tomás Martínez
|
0-0: Called Strike 0-1: Swinging Strike 0-2: Strikes out swinging
|
Batting: RHB Víctor Cuevas
|
0-0: Ball 1-0: Swinging Strike 1-1: Swinging Strike 1-2: Foul Ball, location: 2F 1-2: Strikes out looking
|
Top of the 7th over - 0 runs, 1 hit, 0 errors, 1 left on base; Royse City 0 - Athletic Club KC 0 |
BOTTOM OF THE 7TH |
Athletic Club KC Reserves batting - Pitching for Royse City Targaryens : LHP Fred Proctor
|
Now at 2B: Barney Heise
|
|
Batting: LHB Tsai Ng
|
0-0: Ball 1-0: Ball 2-0: Swinging Strike 2-1: Swinging Strike 2-2: Foul Ball, location: 2F 2-2: Strikes out swinging
|
Batting: RHB Troy Whitehurst
|
0-0: Called Strike 0-1: Foul Ball, location: 2F 0-2: Foul Ball, location: 2F 0-2: Foul Ball, location: 2F 0-2: Ground out 6-3 (Groundball, 6)
|
Batting: LHB Kwang-chih Feng
|
0-0: Fly out, F8 (Flyball, 8LM)
|
Bottom of the 7th over - 0 runs, 0 hits, 0 errors, 0 left on base; Royse City 0 - Athletic Club KC 0 |
TOP OF THE 8TH |
Royse City Targaryens batting - Pitching for Athletic Club KC Reserves : LHP Sung-hwan Ho
|
Batting: RHB Melvin Thomas
|
0-0: Ball 1-0: Ball 2-0: Foul Ball, location: 2F 2-1: Ball 3-1: Called Strike 3-2: SINGLE (Groundball, 34S) (infield hit)
|
Pinch Hitting: RHB Fortunato Rasquinha
|
0-0: SINGLE (Line Drive, 8LS) Melvin Thomas to second
|
Batting: SHB Miguel Herrera
|
0-0: Ball 1-0: Ball 2-0: Foul Ball, location: 2F 2-1: Swinging Strike 2-2: Strikes out swinging
|
Batting: RHB David Elías
|
0-0: Foul Ball, location: 2F 0-1: Foul Ball, location: 2F 0-2: Ball 1-2: Fly out, F7 (Flyball, 78S)
|
Batting: RHB José García
|
0-0: Foul Ball, location: 2F 0-1: Foul Ball, location: 2F 0-2: Strikes out looking
|
Top of the 8th over - 0 runs, 2 hits, 0 errors, 2 left on base; Royse City 0 - Athletic Club KC 0 |
BOTTOM OF THE 8TH |
Athletic Club KC Reserves batting - Pitching for Royse City Targaryens : LHP Fred Proctor
|
Now at 1B: Fortunato Rasquinha
|
|
Batting: LHB Luis Miguel González
|
0-0: Ball 1-0: Ground out 1-3 (Groundball, 15)
|
Pinch Hitting: RHB Cristóbal Covarrubiois
|
0-0: Called Strike 0-1: Ball 1-1: Ground out 4-3 (Groundball, 34D)
|
Pinch Hitting: RHB Abeni Mbanefo
|
0-0: Ball 1-0: Swinging Strike 1-1: Ball 2-1: Foul Ball, location: 2F 2-2: SOLO HOME RUN (Flyball, 78XD), Distance : 367 ft
|
Batting: RHB Armando Altagracia
|
0-0: Ball 1-0: Called Strike 1-1: Ground out 4-3 (Groundball, 4)
|
Bottom of the 8th over - 1 run, 1 hit, 0 errors, 0 left on base; Royse City 0 - Athletic Club KC 1 |
TOP OF THE 9TH |
Royse City Targaryens batting - Pitching for Athletic Club KC Reserves : LHP Sung-hwan Ho
|
Pitching: RHP Rafael Narváez
|
|
Now at 1B: Tony Osorio
|
|
Now in RF: Abeni Mbanefo
|
|
Batting: SHB Vernon T. Waldrip
|
0-0: Ball 1-0: Called Strike 1-1: Ball 2-1: Ball 3-1: Base on Balls
|
Batting: RHB Breanainn Swartwood
|
0-0: Ball 1-0: Bunt missed! 1-1: Sac Bunt - play at first, batter OUT! 1-4 Vernon T. Waldrip to second
|
Batting: SHB Barney Heise
|
0-0: Swinging Strike 0-1: Ball 1-1: Called Strike 1-2: Ball 2-2: Foul Ball, location: 2F 2-2: Foul Ball, location: 2F 2-2: Ball 3-2: Foul Ball, location: 2F 3-2: Ground out 6-3 (Groundball, 6)
|
Batting: RHB Víctor Cuevas
|
0-0: Called Strike 0-1: Ball 1-1: Ball 2-1: Ball 3-1: DOUBLE (Line Drive, 9LS) Vernon T. Waldrip scores
|
Batting: RHB Melvin Thomas
|
0-0: Ball 1-0: 2-RUN HOME RUN (Flyball, 78XD), Distance : 391 ft
|
Pitching: RHP Leroy Moody
|
|
Batting: RHB Fortunato Rasquinha
|
0-0: Ball 1-0: Foul Ball, location: 2F 1-1: Called Strike 1-2: Foul Ball, location: 2F 1-2: Ball 2-2: Strikes out looking
|
Top of the 9th over - 3 runs, 2 hits, 0 errors, 0 left on base; Royse City 3 - Athletic Club KC 1 |
BOTTOM OF THE 9TH |
Athletic Club KC Reserves batting - Pitching for Royse City Targaryens : LHP Fred Proctor
|
Pitching: RHP Ralph McKinney
|
|
Batting: RHB Tasuku Goto
|
0-0: Ball 1-0: Swinging Strike 1-1: SINGLE (Groundball, 5S) (infield hit)
|
Pinch Hitting: LHB Shojiro Ueda
|
0-0: Called Strike 0-1: Foul Ball, location: 2F 0-2: Fly out, F8 (Flyball, 89D)
|
Batting: LHB Tsai Ng
|
0-0: Fly out, F8 (Flyball, 8RXD)
|
Batting: RHB Troy Whitehurst
|
0-0: Called Strike 0-1: Called Strike 0-2: Strikes out looking
|
Bottom of the 9th over - 0 runs, 1 hit, 0 errors, 1 left on base; Royse City 3 - Athletic Club KC 1 |
|